 Dungeon Crawl Stone Soup version 0.19.0-2-gae57169 (webtiles) character file.

6636 Malachi the Arsonist (level 10, -2/71 HPs)
             Began as a Demonspawn Fire Elementalist on Nov 4, 2016.
             Was a Priest of Vehumet.
             Slain by a cyan ugly thing (13 damage)
             ... on level 10 of the Dungeon.
             The game lasted 00:31:17 (10993 turns).

Malachi the Arsonist (DsFE)                        Turns: 10993, Time: 00:31:18

Health: -2/71      AC:  7    Str:  9 (10) XL:     10   Next: 72%
Magic:  25/28      EV: 14    Int: 22 (23) God:    Vehumet [***...]
Gold:   419        SH:  0    Dex: 13      Spells: 5 memorised, 6 levels left

rFire  + . .     SeeInvis .     H - +2 flail (vamp)
rCold  . . .     Gourm    +     J - +0 robe {rF+}
rNeg   . . .     Faith    .     (no shield)
rPois  .         Spirit   .     (no helmet)
rElec  .         Reflect  .     E - +1 cloak
rCorr  .         Harm     .     (no gloves)
MR     .....                    (no boots)
Stlth  ++........               n - amulet of the gourmand
                                f - ring of magical power
                                m - +4 ring of intelligence

@: no status effects
A: claws 2, fangs 1, thin metallic scales 2, demonic guardian 1
a: Renounce Religion


You were on level 10 of the Dungeon.
You worshipped Vehumet.
Vehumet was most pleased with you.
You were full.

You visited 2 branches of the dungeon, and saw 11 of its levels.

You collected 419 gold pieces.

Inventory:

Hand Weapons
 g - a +0 club
 j - a +0 short sword
 r - a +0 blowgun
 x - a cursed -3 hand axe
 y - a +0 dagger of protection
 H - a +2 vampiric flail (weapon)
Missiles
 t - 17 poisoned needles
Armour
 a - a +0 robe
 E - a +1 cloak (worn)
 J - a +0 robe of fire resistance (worn)
 O - a +1 pair of gloves
Jewellery
 f - a ring of magical power (right claw)
 i - an uncursed amulet of harm
 m - a +4 ring of intelligence (left claw)
 n - an amulet of the gourmand (around neck)
 p - an uncursed ring of see invisible
 G - an uncursed ring of positive energy
 M - an uncursed amulet of guardian spirit {unknown}
 S - an uncursed ring of protection from fire {unknown}
Wands
 u - a wand of lightning (13/15)
 z - a wand of iceblast (9/15)
 F - a wand of random effects (25/48)
 I - a wand of paralysis (7/24)
 N - a wand of lightning (3/15)
 T - a wand of disintegration (12/24)
 V - a wand of iceblast (8/15)
 Z - a wand of iceblast (5/15)
Scrolls
 e - 6 scrolls of teleportation
 s - a scroll of amnesia
 C - 5 scrolls of identify
 P - a scroll of remove curse
 Q - a scroll of fear
Potions
 h - a potion of agility
 k - 5 potions of curing
 l - 2 potions of haste
 o - a potion of brilliance
 w - 3 potions of ambrosia
 D - a potion of cure mutation
 K - a potion of magic
 R - a potion of heal wounds
Books
 b - a book of Flames

   Spells                             Type                      Level
   a - Flame Tongue                   Conjuration/Fire             1
   b - Throw Flame                    Conjuration/Fire             2
   c - Conjure Flame                  Conjuration/Fire             3
   d - Inner Flame                    Hexes/Fire                   3
   e - Sticky Flame                   Conjuration/Fire             4
   f - Fireball                       Conjuration/Fire             5
 v - a book of Callings

   Spells                             Type                      Level
   a - Summon Small Mammal            Summoning                    1
   b - Call Imp                       Summoning                    2
   c - Call Canine Familiar           Summoning                    3
   d - Summon Guardian Golem          Hexes/Summoning              3
   e - Summon Lightning Spire         Summoning/Air                4
   f - Summon Ice Beast               Ice/Summoning                4
 W - a book of Party Tricks

   Spells                             Type                      Level
   a - Summon Butterflies             Summoning                    1
   b - Apportation                    Translocation                1
   c - Lesser Beckoning               Translocation                3
   d - Tukima's Dance                 Hexes                        3
   e - Alistair's Intoxication        Transmutation/Poison         5
   f - Invisibility                   Hexes                        6
Comestibles
 c - 6 bread rations
 d - 14 fruits
 q - 6 meat rations
 B - a beef jerky


   Skills:
 + Level 3.8 Fighting
 + Level 0.3 Short Blades
 + Level 5.8 Maces & Flails
 + Level 4.0 Dodging
 + Level 3.5 Stealth
 + Level 6.3 Spellcasting
 * Level 8.0 Conjurations
 * Level 8.5 Fire Magic


You had 6 spell levels left.
You knew the following spells:

 Your Spells              Type           Power        Failure   Level  Hunger
a - Flame Tongue          Conj/Fire      #####        1%          1    None
b - Throw Flame           Conj/Fire      #####.       1%          2    None
c - Fireball              Conj/Fire      #####.....   3%          5    #####..
d - Sticky Flame          Conj/Fire      #####...     1%          4    ###....
e - Conjure Flame         Conj/Fire      #####...     1%          3    #......


Dungeon Overview and Level Annotations

Branches:
Dungeon (10/15)            Temple (1/1) D:6            Lair (0/6) D:8
    Orc: D:9-12

Altars:
Ashenzari
Cheibriados
Dithmenos
Elyvilon
Fedhas
Gozag
Hepliaklqana
Kikubaaqudgha
Makhleb
Nemelex Xobeh
Okawaru
Qazlal
Ru
Sif Muna
Trog
Uskayaw
Vehumet
Xom
Yredelemnul
Zin


Innate Abilities, Weirdness & Mutations

You have very sharp fingernails.
You are mostly covered in thin metallic scales. (AC +3)
A weak demonic guardian rushes to your aid.
You have very sharp teeth.


Message History

The cyan ugly thing is lightly wounded.
The cyan ugly thing is covered in liquid flames!
The cyan ugly thing burns!
The cyan ugly thing completely misses you.
You thump the cyan ugly thing!
The cyan ugly thing is lightly wounded.
The cyan ugly thing burns! x2; The cyan ugly thing kicks you.
The cyan ugly thing shocks you!
You sock the cyan ugly thing!
You feel better.
The cyan ugly thing is moderately wounded.
The cyan ugly thing burns!
The cyan ugly thing kicks you. The cyan ugly thing shocks you!
The cyan ugly thing kicks you. The cyan ugly thing shocks you!
* * * LOW HITPOINT WARNING * * *
You hit the cyan ugly thing but do no damage.
The cyan ugly thing is heavily wounded.
The cyan ugly thing burns!
The cyan ugly thing kicks you!
* * * LOW HITPOINT WARNING * * *
The cyan ugly thing shocks you!
You die...

#.......#
#.......+
#.......#
+.......#
#.......#
#...<...#
###'#####
#..###
##5@.#
###u# ...
...# ...#
...# ....
.....


You could see a cyan ugly thing (burning) and a friendly white imp.

Vanquished Creatures
  Pikel (D:8)
  A deep elf mage (D:9)
  A troll (D:9)
  Grinder (D:6)
  A hippogriff (D:9)
  3 yaks (D:8)
  Menkaure (D:5)
  Edmund (D:5)
  A water moccasin (D:9)
  Duvessa (D:4)
  4 orc warriors
  2 sky beasts
  4 ice beasts
  An eye of draining (D:9)
  2 necrophages
  3 centaurs
  2 phantoms (D:8)
  2 big kobolds
  Blork the orc (D:5)
  4 bullfrogs
  Dowan (D:4)
  3 scorpions
  3 wights (D:9)
  5 howler monkeys
  4 crimson imps
  A bullfrog zombie (D:6)
  A centaur zombie (D:7)
  5 orc priests
  A centaur skeleton (D:4)
  Crazy Yiuf (D:4)
  2 hounds (D:9)
  2 jellies (D:7)
  A gnoll shaman (D:5)
  Jessica (D:2)
  2 bullfrog skeletons (D:5)
  Terence (D:3)
  2 iguanas (D:7)
  11 worker ants
  13 orc wizards
  A hound zombie (D:5)
  7 adders
  A shadow imp (D:6)
  An ooze (D:1)
  An adder zombie (D:8)
  2 worms
  2 dart slugs (D:1)
  5 leopard geckos
  35 orcs
  5 bats
  6 giant cockroaches
  6 goblins
  6 hobgoblins
  9 jackals
  6 quokkas
  A ball python (D:6)
  6 frilled lizards
  A jackal zombie (D:5)
  15 kobolds
  2 quokka zombies
  4 rats
219 creatures vanquished.

Vanquished Creatures (collateral kills)
  Sigmund (D:5)
  2 ogres (D:4)
  A bullfrog (D:6)
  A howler monkey (D:6)
  A crimson imp (D:3)
  An orc priest (D:9)
  An orc wizard (D:7)
  An iguana (D:4)
  A dart slug (D:4)
  An orc (D:7)
  A giant cockroach (D:4)
  3 jackals (D:7)
15 creatures vanquished.

Vanquished Creatures (others)
  An ice beast (D:8)
  An ogre (D:8)
  A quasit (D:8)
  An orc wizard (D:8)
  An orc (D:8)
  2 fire vortices (D:5)
7 creatures vanquished.

Grand Total: 241 creatures vanquished

Notes
Turn   | Place    | Note
-------+----------+-------------------------------------------
     0 | D:1      | Malachi the Demonspawn Fire Elementalist began the quest for the Orb.
     0 | D:1      | Reached XP level 1. HP: 13/13 MP: 3/3
    65 | D:1      | Gained mutation: A weak demonic guardian rushes to your aid. [demonic ancestry]
    65 | D:1      | Reached XP level 2. HP: 5/19 MP: 0/5
  1093 | D:2      | Reached XP level 3. HP: 24/24 MP: 2/6
  1228 | D:2      | Noticed Jessica
  1239 | D:2      | Killed Jessica
  1239 | D:2      | Gained mutation: You have sharp fingernails. [demonic ancestry]
  1239 | D:2      | Reached XP level 4. HP: 31/31 MP: 7/7
  1321 | D:2      | Learned a level 3 spell: Conjure Flame
  1570 | D:3      | Learned a level 2 spell: Throw Flame
  1653 | D:3      | Noticed Terence
  1713 | D:3      | Killed Terence
  1964 | D:3      | Gained mutation: You are partially covered in thin metallic scales. (AC +2) [demonic ancestry]
  1964 | D:3      | Reached XP level 5. HP: 36/36 MP: 9/9
  2837 | D:4      | Noticed Dowan
  2840 | D:4      | Noticed Duvessa
  2853 | D:4      | Killed Duvessa
  2853 | D:4      | Reached skill level 1 in Fighting
  2853 | D:4      | Reached XP level 6. HP: 29/43 MP: 0/11
  2891 | D:4      | Killed Dowan
  2891 | D:4      | Reached skill level 1 in Maces & Flails
  3239 | D:4      | Reached XP level 7. HP: 31/48 MP: 11/12
  3787 | D:4      | Found a glowing silver altar of Zin.
  3796 | D:4      | Found a runed door.
  3851 | D:4      | Noticed Crazy Yiuf
  3856 | D:4      | Killed Crazy Yiuf
  3942 | D:4      | Reached skill level 5 in Fire Magic
  4020 | D:5      | Entered Level 5 of the Dungeon
  4024 | D:5      | Noticed Edmund
  4031 | D:5      | Learned a level 4 spell: Sticky Flame
  4048 | D:5      | Killed Edmund
  4138 | D:5      | Noticed Menkaure
  4144 | D:5      | Killed Menkaure
  4370 | D:5      | Found a shattered altar of Ashenzari.
  4373 | D:5      | Noticed Sigmund
  4387 | D:5      | Killed Sigmund
  4588 | D:5      | Noticed Blork the orc
  4597 | D:5      | Killed Blork the orc
  4597 | D:5      | Reached XP level 8. HP: 46/54 MP: 9/14
  4733 | D:5      | Found a shimmering altar of Xom.
  5602 | D:6      | Found a blossoming altar of Fedhas.
  5609 | D:6      | Found a staircase to the Ecumenical Temple.
  5614 | D:6      | Noticed Grinder
  5616 | D:6      | Paralysed by Grinder for 5 turns
  5659 | D:6      | Paralysed by Grinder for 4 turns
  5667 | D:6      | Killed Grinder
  5667 | D:6      | Reached skill level 5 in Conjurations
  5932 | Temple   | Entered the Ecumenical Temple
  6010 | Temple   | Became a worshipper of Vehumet
  6128 | D:6      | Reached skill level 5 in Spellcasting
  6200 | D:6      | Found a hide-covered altar of Uskayaw.
  6287 | D:6      | Gained mutation: You have very sharp fingernails. [demonic ancestry]
  6287 | D:6      | Reached XP level 9. HP: 60/60 MP: 16/16
  6360 | D:6      | Found a snail-covered altar of Cheibriados.
  6984 | D:7      | Reached * piety under Vehumet
  6984 | D:7      | Offered knowledge of Sting by Vehumet.
  8165 | D:7      | Found a deep blue altar of Sif Muna.
  8406 | D:8      | Offered knowledge of Searing Ray by Vehumet.
  8431 | D:8      | Gained mutation: You are mostly covered in thin metallic scales. (AC +3) [demonic ancestry]
  8431 | D:8      | Reached XP level 10. HP: 62/70 MP: 18/18
  8448 | D:8      | Reached ** piety under Vehumet
  8464 | D:8      | Reached skill level 5 in Maces & Flails
  8514 | D:8      | Found a staircase to the Lair.
  8595 | D:8      | Noticed Pikel
  8602 | D:8      | Killed Pikel
  8732 | D:8      | Found a basalt altar of Yredelemnul.
  9369 | D:8      | Offered knowledge of Dazzling Spray by Vehumet.
 10275 | D:9      | Reached *** piety under Vehumet
 10566 | D:9      | Gained mutation: You have very sharp teeth. [potion of beneficial mutation]
 10865 | D:9      | Noticed a deep elf mage
 10873 | D:9      | Killed a deep elf mage
 10933 | D:9      | Learned a level 5 spell: Fireball
 10981 | D:10     | Entered Level 10 of the Dungeon
 10983 | D:10     | Noticed a cyan ugly thing
 10993 | D:10     | Slain by a cyan ugly thing

Skill      XL: |  1  2  3  4  5  6  7  8  9 10 |
---------------+-------------------------------+-----
Stealth        | 2 3 |  3.5
Fire Magic     | 3 4 5 6 7 8 |  8.5
Dodging        | 2 3 4 |  4.0
Conjurations   | 2 3 4 5 7 8 |  8.0
Spellcasting   | 3 4 5 6 |  6.3
Fighting       | 1 2 3 |  3.8
Maces & Flails | 1 3 4 5 |  5.8
Short Blades   | |  0.3

Action                   |  1- 3 |  4- 6 |  7- 9 | 10-12 || total
-------------------------+-------+-------+-------+-------++-------
Melee: Club              |     7 |       |       |       ||     7
       Short sword       |     6 |    17 |       |       ||    23
       Whip              |       |    10 |     5 |       ||    15
       Flail             |       |       |   180 |   122 ||   302
       Bite              |       |       |       |     2 ||     2
 Cast: Flame Tongue      |    41 |    50 |    61 |    16 ||   168
       Throw Flame       |       |    47 |    68 |    54 ||   169
       Conjure Flame     |       |     1 |     1 |       ||     2
       Sticky Flame      |       |       |    32 |    29 ||    61
  Use: Scroll            |     3 |     2 |     5 |     2 ||    12
       Potion            |       |     1 |     6 |     6 ||    13
 Stab: Sleeping          |       |       |       |     1 ||     1
  Eat: Chunk             |     2 |    24 |    23 |     7 ||    56
Armor: Robe              |     6 |    13 |    90 |    47 ||   156
       Skin              |       |    11 |       |       ||    11
Dodge: Dodged            |    16 |    35 |   193 |   107 ||   351
